[Event "*** Titled Tuesday Blitz"]
[Site "Chess.com"]
[Date "2020.05.26"]
[Round "8"]
[White "mishanick"]
[Black "Chepaschess"]
[Result "1/2-1/2"]
[WhiteElo "2961"]
[BlackElo "2819"]
[TimeControl "180+1"]
[EndTime "11:42:42 PDT"]
[Termination "Game drawn - insufficient material"]

1. d4 Nf6 2. c4 c5 3. d5 b5 4. cxb5 a6 5. bxa6 e6 6. Nc3 exd5 7. Nxd5 Be7 8. Nf3 O-O 9. e3 Nxd5 10. Qxd5 Ra7 11. Bc4 Bxa6 12. Bxa6 Nxa6 13. O-O Nb4 14. Qb3 d5 15. a3 c4 16. Qd1 Nd3 17. Ne1 Nxc1 18.
Rxc1 Bf6 19. Rc2 Rb7 20. Qd2 Qd7 21. Nf3 Rfb8 22. Nd4 Rb6 23. Rd1 Qb7 24. Rb1 h6 25. h3 h5 26. Qd1 h4 27. Qg4 Re8 28. Qd1 Re4 29. Ne2 Be5 30. a4 Rb3 31. Rd2 c3 32.
Rxd5 Rxb2 33. Nxc3 Rxb1 34. Qxb1 Qxb1+ 35. Nxb1 Bf6 36. a5 Ra4 37. Nd2 Bc3 38. Nf3 Bxa5 39. Rc5 Bb6 40. Rc6 Rb4 41. Kf1 f6 42. Ke2 Rb2+ 43. Kd3 Rb4 44. Rc4 Rxc4 45. Kxc4 g5 46. Kd5 Kf7 47. Nd4 Ba5 48. f3 Be1 49. e4 Bg3 50. Nf5 Bb8 51. Kc6 Ke6 52. Kc5 Ke5 53. Kc6 Ke6 54. Kb7 Bf4 55. Kc8 Bd2 56. Kd8 Bb4 57. Ke8 Bc5 58.
Ng7+ Ke5 59. Kf7 Kf4 60. Nf5 Ke5 61. Kg6 Bb4 62. Kg7 Bc3 63. Kf7 Ba1 64. Ng7 Kf4 65.
Nh5+ Ke3 66. Nxf6 Kf2 67. e5 Bxe5 68. Ng4+ Kxg2 69. Nxe5 Kxh3 70. Kg6 Kg3 71. Kxg5 h3 72. Ng4 Kxf3 73. Kh4 h2 74. Nxh2+ 1/2-1/2

[Event "*** Titled Tuesday Blitz"]
[Site "Chess.com"]
[Date "2020.05.26"]
[Round "8"]
[White "wnstop"]
[Black "Orest_Vovk"]
[Result "1-0"]
[WhiteElo "2575"]
[BlackElo "2434"]
[TimeControl "180+1"]
[EndTime "11:42:59 PDT"]
[Termination "wnstop won by resignation"]

1. e4 Nc6 2. d4 e5 3. dxe5 Nxe5 4. Nf3 Nxf3+ 5. Qxf3 Qf6 6. Qg3 Bc5 7. Nc3 Ne7 8.
Bf4 d6 9. O-O-O O-O 10. e5 dxe5 11. Bxe5 Nf5 12. Bxf6 Nxg3 13. hxg3 gxf6 14. Ne4 Be7 15. Bd3 Kg7 16. f3 Be6 17. Rh5 h6 18. Rdh1 Rh8 19. g4 Rad8 20. R5h3 b6 21. Ng3 c5 22. b3 a5 23. a4 Rd4 24. Be4 c4 25. c3 Rd7 26.
bxc4 Rc7 27. Bd5 Bd6 28. Nh5+ Kg6 29. Be4+ f5 30. gxf5+ Bxf5 31. Bd5 Be6 32. Ng3 Bxd5 33. cxd5 Rxc3+ 34. Kd2 Rc4 35. Ne4 Rxa4 36. Nxd6 Rd4+ 37. Ke3 Rxd5 38. Ne4 f5 39. Ng3 Re8+ 40. Kf2 Rd2+ 41. Kg1 Rd1+ 42. Kh2 Rxh1+ 43. Nxh1 a4 44. f4 a3 45.
Rxa3 Re6 46. Rb3 Rc6 47. Ng3 Kf6 48. Nf1 Ke6 49. Nd2 Kd5 50. Nf3 Ke4 51. Rb4+ Ke3 52. Nd4 Rf6 53. Kg3 h5 54. Kh4 Kf2 55. Rb2+ Ke3 56.
Ne2 Rg6 57. Ng3 Rg8 58. Nxf5+ Kxf4 59. Rf2+ Ke5 60. Ng3 Rh8 61. Nxh5 b5 62. g4 Kd4 63. Rf5 b4 64. Rf4+ Kc3 65. Rf3+ Kc2 66. Kg3 b3 67.
Rf2+ Kc1 68. Nf4 Rd8 69. Rf1+ Kc2 70. Rf2+ Kc1 71. Ne2+ Kc2 72. Nd4+ Kc3 73. Nxb3 Kxb3 74. g5 Kc4 75. Kg4 Rd4+ 76. Rf4 Kd5 77. Rxd4+ Kxd4 78. Kf5 Kd5 79. Kf6 Kd6 80. g6 Kd7 81. g7 1-0

[Event "*** Titled Tuesday Blitz"]
[Site "Chess.com"]
[Date "2020.05.26"]
[Round "8"]
[White "Muguet7"]
[Black "DaggiGretarsson"]
[Result "0-1"]
[WhiteElo "2466"]
[BlackElo "2615"]
[TimeControl "180+1"]
[EndTime "11:43:04 PDT"]
[Termination "DaggiGretarsson won by resignation"]

1. d4 g6 2. e3 Bg7 3. Nf3 Nf6 4. c4 O-O 5. Nc3 c5 6. d5 d6 7. Be2 Na6 8. O-O Nc7 9. h3 a6 10. a4 e6 11. e4 exd5 12. cxd5 Rb8 13. a5 Bd7 14.
Bf4 Nfe8 15. Nd2 Nb5 16. Nxb5 Bxb5 17. Bxb5 axb5 18. Qb3 Nc7 19. Bg3 Re8 20. Rfe1 Qd7 21. Qc2 Na6 22. Ra3 c4 23. Rae3 Nb4 24. Qb1 Nd3 25. R1e2 Ra8 26. b3 Qc7 27. bxc4 bxc4 28. Nxc4 Qxc4 29. Qxd3 Qb4 30. Qb3 Qxa5 31. Bxd6 Bd4 32.
Rd3 Qa1+ 33. Rd1 Qa4 34. Qxa4 Rxa4 35. Rb1 b6 36. Rc1 Bc5 37. Bxc5 bxc5 38. e5 Rd4 39. Rxc5 Kg7 40. d6 Rxd6 41. exd6 Rxe2 42. Rd5 Re8 43. g4 Kf6 44. f4 Rd8 45. Kf2 Ke6 46. Re5+ Kxd6 47.
Ra5 Rb8 48. Ra7 Ke6 49. Kg3 Kf6 50. Kh4 Kg7 51. Ra6 Rb5 52. Kg3 h6 53. Rc6 Ra5 54. Kg2 Ra3 55. h4 Rb3 56. h5 gxh5 57. gxh5 Rb5 58.
Kg3 Rxh5 59. Kg4 Ra5 60. Rc1 Ra3 61. Rg1 Kf6 62. Rb1 Ra5 63. Rb6+ Kg7 64. f5 Ra4+ 65. Kh5 Ra1 66. f6+ Kh7 67. Rb3 Rh1+ 68. Kg4 Kg6 69. Rb6 Rg1+ 70. Kf4 Rf1+ 71. Ke5 Rf5+ 72. Ke4 Rxf6 73.
Rb8 Kg5 74. Rg8+ Kh4 75. Ke5 Rf2 76. Rg7 h5 77. Rh7 Kg4 78. Ke4 Kh3 79. Rg7 h4 80. Ke3 Rf6 81. Ke2 Kh2 82. Ke3 h3 83. Ke4 Rf1 84.
Ke5 Kh1 85. Ke4 h2 86. Ke3 Rf5 87. Ke2 f6 88. Ke3 Rg5 89. Rh7 Kg2 0-1

[Event "*** Titled Tuesday Blitz"]
[Site "Chess.com"]
[Date "2020.05.26"]
[Round "8"]
[White "JozefKneht"]
[Black "EvgenyRomanov"]
[Result "0-1"]
[WhiteElo "2471"]
[BlackElo "2652"]
[TimeControl "180+1"]
[EndTime "11:43:14 PDT"]
[Termination "EvgenyRomanov won by checkmate"]

1. e4 c5 2. Nf3 Nc6 3. d4 cxd4 4.
Nxd4 Nf6 5. Nc3 d6 6. Bg5 e6 7. Qd2 a6 8. O-O-O Bd7 9. f4 Qb6 10. Nf3 Ng4 11. f5 Nge5 12. fxe6 fxe6 13. Be2 Nxf3 14.
Bxf3 Ne5 15. Be2 h6 16. Bh4 g5 17. Bh5+ Ke7 18. Bf2 Qc7 19. h4 g4 20. Bd4 Bg7 21. Rhf1 Rhf8 22. Bxg4 Qc4 23. Be2 Qc7 24. Qe3 Rxf1 25.
Rxf1 Rf8 26. Rxf8 Kxf8 27. g4 Bc6 28. g5 hxg5 29. hxg5 Qf7 30. a4 Qg6 31. Kb1 Ke7 32. b4 Nf7 33. b5 axb5 34. axb5 Bd7 35. Bxg7 Qxg7 36. e5 Qxe5 37. Qxe5 Nxe5 38. Ne4 Be8 39. Kb2 Bg6 40. Nf2 Nf7 41. Bf3 b6 42. Nh3 Bf5 43.
Nf4 Nxg5 44. Bc6 d5 45. c4 dxc4 46. Kc3 Kd6 47. Kxc4 Be4 48. Be8 e5 49. Ne2 Bd5+ 50.
Kd3 Ne6 51. Nc3 Nc5+ 52. Ke3 Bc4 53. Bc6 Bd3 54. Nd5 Bxb5 55. Nxb6 Bxc6 56. Nc4+ Ke6 57. Nxe5 Kxe5 58. Kd2 Bd5 59. Kc3 Ke4 60. Kb2 Kd4 61.
Kc2 Na4 62. Kb1 Bc4 63. Kc2 Ke3 64. Kb1 Kd2 65. Ka1 Kc3 66. Kb1 Nc5 67. Ka1 Nb3+ 68. Kb1 Bd3+ 69. Ka2 Bc2 70. Ka3 Bb1 71. Ka4 Kc4 72.
Ka3 Nd4 73. Kb2 Be4 74. Ka1 Kc3 75. Ka2 Bc2 76. Ka1 Bb3 77. Kb1 Nc2 78. Kc1 Ba2 79. Kd1 Nd4 80. Kc1 Ne2+ 81. Kd1 Kd3 82. Ke1 Ke3 83. Kd1 Bb3+ 84. Ke1 Bc2 85. Kf1 Nf4 86. Ke1 Ng2+ 87. Kf1 Kf3 88. Kg1 Kg3 89. Kf1 Bd3+ 90. Kg1 Nh4 91. Kh1 Bf1 92. Kg1 Bh3 93. Kh1 Bg2+ 94.
Kg1 Nf3# 0-1

[Event "*** Titled Tuesday Blitz"]
[Site "Chess.com"]
[Date "2020.05.26"]
[Round "8"]
[White "Gurvich_Vitaly"]
[Black "MusicCityMaster"]
[Result "1-0"]
[WhiteElo "2551"]
[BlackElo "2371"]
[TimeControl "180+1"]
[EndTime "11:43:17 PDT"]
[Termination "Gurvich_Vitaly won on time"]

1. e4 c5 2. Nf3 d6 3. d4 cxd4 4. Nxd4 Nf6 5. Nc3 a6 6. Nb3 e5 7. Bg5 Be6 8. Bxf6 Qxf6 9. Nd5 Qd8 10. Qd3 Nd7 11. O-O-O Nb6 12. Ne3 Rc8 13. Kb1 Be7 14. g3 O-O 15. h4 Qc7 16. Bg2 Nc4 17. Rhe1 a5 18. a4 b5 19. axb5 a4 20. Nd2 Nxe3 21.
Rxe3 Qc5 22. Bf1 f5 23. Rc1 f4 24. Re2 fxg3 25. fxg3 Rb8 26. c4 Rfc8 27. Qa3 Rxb5 28. Qxc5 Rbxc5 29. Re3 Rb8 30. Ra3 Bd7 31. Kc2 Bd8 32. Nb1 Ba5 33. Nc3 Bxc3 34. Kxc3 Rf8 35. Kb4 Rb8+ 36. Kc3 Rf8 37. Rd1 Rf3+ 38. Kb4 Rf2 39.
Rxd6 Rc7 40. c5 Rxb2+ 41. Kc3 Rb1 42. Bc4+ Kf8 43. Ra2 Ke7 44. Rf2 Be8 45. Ra6 Rc1+ 46. Kd3 Rd7+ 47. Bd5 Rxc5 48. Re6+ Kd8 49. Rf8 Re7 50.
Ra6 Rcc7 51. Ra8+ Kd7 52. Rxa4 Kd6 53. Ra6+ Bc6 54. Rd8+ Red7 55. Rxd7+ Kxd7 56. Bxc6+ Rxc6 57. Ra7+ Kd6 58. Rxg7 Ra6 59. Rxh7 Ra3+ 60. Ke2 Rxg3 61. Kf2 Rg4 62. Kf3 Rf4+ 63. Ke3 Rg4 64. h5 Ke6 65. Ra7 Kf6 66. Ra6+ Kg5 67. Re6 Kxh5 68. Rxe5+ Kg6 69. Kd4 Kf6 70. Re8 Rg1 71. Rf8+ Ke7 72. Ra8 Rd1+ 73. Ke5 Rb1 74. Ra7+ Ke8 75. Ra6 Rb7 76. Kf5 Rf7+ 77. Rf6 Rb7 78. e5 Ke7 79. Rh6 Rb1 80. Rh7+ Kf8 81.
Kf6 Rf1+ 82. Ke6 Ra1 83. Rh8+ Kg7 84. Rd8 Ra6+ 85. Ke7 Ra7+ 86. Rd7 Ra5 87. e6 Kg6 88. Rc7 Ra8 89. Rd7 Ra7 90. Rxa7 1-0

[Event "*** Titled Tuesday Blitz"]
[Site "Chess.com"]
[Date "2020.05.26"]
[Round "8"]
[White "GOGIEFF"]
[Black "Pultis"]
[Result "1-0"]
[WhiteElo "2899"]
[BlackElo "2721"]
[TimeControl "180+1"]
[EndTime "11:43:26 PDT"]
[Termination "GOGIEFF won on time"]

1. d4 Nf6 2. c4 g6 3. Nc3 d5 4. Nf3 Bg7 5. cxd5 Nxd5 6. Bd2 Nb6 7. Bg5 c5 8. dxc5 Bxc3+ 9. bxc3 Qxd1+ 10. Rxd1 Na4 11. e3 Nxc5 12. Bh6 f6 13. Nd4 Nc6 14. Nb5 Ne6 15. Bc4 a6 16. Nd4 Ncd8 17. h4 Nxd4 18. cxd4 Nf7 19. Bf4 Bd7 20. Bd5 Bc6 21. Bxc6+ bxc6 22. Rb1 O-O-O 23. Rb8+ Kd7 24. Rb7+ Ke6 25. Rb6 Kd5 26.
O-O e5 27. dxe5 fxe5 28. Bg3 a5 29. Rc1 c5 30. f3 e4 31. Rb5 Rc8 32. Rxa5 Rhe8 33.
Kf2 Ne5 34. Bxe5 Rxe5 35. f4 Re7 36. Ra4 Rb8 37. Kg3 Rb2 38. Rd1+ Kc6 39. Ra6+ Kb5 40.
Rdd6 Kc4 41. Ra4+ Rb4 42. Ra5 Rb5 43. Ra8 Kc3 44. h5 gxh5 45. f5 Rg7+ 46. Kf4 Rxg2 47. f6 Rf2+ 48. Kxe4 c4 49. Rc8 Rbf5 50. Rd4 Rxf6 51.
Rcxc4+ Kb2 52. a4 Re6+ 53. Kd3 Rf3 54. Re4 Rd6+ 55. Rcd4 Rc6 56. Rb4+ Ka3 57. Rbc4 Rd6+ 58. Rcd4 Ra6 59. Rh4 Rf5 60. Rc4 Rfa5 61. Rc3+ Kb2 62. Rh2+ Kb1 63. Rb3+ Ka1 64. Ra3+ Kb1 65. Rb3+ Ka1 66.
Rc3 Kb1 67. Kd2 Rd5+ 68. Ke2 Rxa4 69. Kf3 Rd1 70. Rxh5 Rf1+ 71. Ke2 Rg1 72. Rxh7 Ra2+ 73. Kd3 Rf1 74. Rb7+ Ka1 75. Rbb3 Rd1+ 76. Ke4 Ra4+ 77.
Kf3 Ka2 78. Rb5 Rd2 79. Rcc5 Ra3 80. Ra5 Rxa5 81. Rxa5+ Kb3 82. e4 Kc4 83. Kf4 Rf2+ 84. Ke5 Kb4 85. Rd5 Kc4 86. Ke6 Re2 87. e5 Re1 88.
Rd6 Kc5 89. Rd8 Kc6 90. Kf6 Kc7 91. Rd2 Re3 92. e6 Re4 93. e7 Re1 94. Kf7 Rf1+ 95. Ke8 Ra1 96. Rf2 1-0

[Event "*** Titled Tuesday Blitz"]
[Site "Chess.com"]
[Date "2020.05.26"]
[Round "8"]
[White "Tsyhanchuk_Stanislav"]
[Black "EndGameDestroyer"]
[Result "1-0"]
[WhiteElo "2432"]
[BlackElo "2280"]
[TimeControl "180+1"]
[EndTime "11:43:33 PDT"]
[Termination "Tsyhanchuk_Stanislav won by checkmate"]

1. e4 Nc6 2. Nf3 e5 3. Bb5 Nf6 4. d3 a6 5. Bxc6 dxc6 6. Nxe5 Bc5 7. c3 Qe7 8. Nf3 Bg4 9. Bg5 h6 10. Bh4 g5 11. Bg3 O-O-O 12. Qe2 Rhe8 13. O-O Nd5 14. d4 Bb6 15. Nbd2 f5 16. Be5 Nf4 17. Bxf4 fxe4 18.
Be5 exf3 19. Nxf3 Rf8 20. Qe4 Bxf3 21. gxf3 Qf7 22. a4 c5 23. a5 Ba7 24. dxc5 Bxc5 25.
b4 Bd6 26. Bxd6 Rxd6 27. b5 Qxf3 28. Qxf3 Rxf3 29. c4 Rd4 30. Rad1 Rxd1 31. Rxd1 Ra3 32. bxa6 bxa6 33. Rd5 Kb7 34. Rf5 Ra4 35. Rf6 Rxc4 36. Rxh6 Rc5 37. Kg2 Rb5 38. Kg3 Rxa5 39. Rg6 Rd5 40.
Kg4 a5 41. Re6 a4 42. Re4 Ra5 43. Re2 a3 44. Ra2 c5 45. Kxg5 c4+ 46. Kf4 c3 47. Ke3 c2 48. Kd2 Rc5 49. Kc1 Rc3 50. h4 Rh3 51.
Kxc2 Rxh4 52. Rxa3 Rh2 53. Rf3 Kc6 54. Kd3 Kd5 55. Rf5+ Ke6 56. Rf8 Ke7 57. Rf4 Ke6 58. Ke3 Ke5 59. Ra4 Rh3+ 60. f3 Ke6 61. Ra5 Rh1 62. Ke4 Re1+ 63. Kf4 Re2 64. Ra6+ Kf7 65.
Kf5 Kg7 66. f4 Re7 67. Kg5 Rf7 68. f5 Kh7 69. Rf6 Rg7+ 70. Kf4 Ra7 71. Re6 Kg7 72. Kg5 Rf7 73. Rg6+ Kh7 74. Rd6 Kg7 75. Re6 Kh7 76. f6 Kg8 77. Re8+ Rf8 78. Re7 Rf7 79. Kg6 Rf8 80.
Rg7+ Kh8 81. Rh7+ Kg8 82. f7+ Rxf7 83. Rxf7 Kh8 84. Rf8# 1-0

[Event "*** Titled Tuesday Blitz"]
[Site "Chess.com"]
[Date "2020.05.26"]
[Round "8"]
[White "VMikhalevski"]
[Black "Jumbo"]
[Result "0-1"]
[WhiteElo "2767"]
[BlackElo "2877"]
[TimeControl "180+1"]
[EndTime "11:43:54 PDT"]
[Termination "Jumbo won by resignation"]

1. Nf3 c5 2. g3 g6 3. c3 Bg7 4. d4 Qc7 5. Bf4 d6 6. Bg2 Nf6 7. O-O O-O 8. Re1 Qb6 9. Qb3 Be6 10. Qa3 cxd4 11. cxd4 Nc6 12. Rd1 Nb4 13. Ne1 Nfd5 14. e3 Bg4 15. Rd2 Nxf4 16. gxf4 Rac8 17. Nc3 Bf5 18. Qb3 Be6 19. Qd1 Bd7 20. a3 Nc6 21.
Nd5 Qd8 22. Nc3 a6 23. Rc1 Na5 24. Nd3 Be6 25. Nd5 Rxc1 26. Nxc1 Qd7 27. Rc2 Nc6 28.
Nd3 Bg4 29. Qc1 Bf5 30. Qd2 Qd8 31. Rc1 a5 32. Nc3 Qd7 33. Nd5 Qd8 34. b4 axb4 35. N3xb4 Nxb4 36. Qxb4 e6 37. Nb6 e5 38. fxe5 dxe5 39.
d5 Bf6 40. d6 e4 41. d7 Kg7 42. Rc8 Qe7 43. Rxf8 Qxf8 44. Nd5 Qxb4 45. axb4 Bd8 46.
Nc3 Bxd7 47. Bxe4 b6 48. b5 f5 49. Bc6 Be6 50. Nd5 g5 51. f3 h5 52. Kf2 Bg8 53.
Bb7 Kf7 54. Bc8 Kg6 55. Bb7 Be6 56. h3 Bf7 57. Kg2 Be6 58. Kf2 Kg7 59. Kg2 Bg8 60.
Kf2 Kf7 61. Kg2 Ke6 62. Kf2 Kd6 63. Nb4 Kc5 64. Nc6 Bf6 65. Ba6 Bd5 66. Nb8 Be6 67.
Nc6 Bc4 68. Nb8 Be6 69. Nc6 f4 70. exf4 gxf4 71. Nb8 Bxh3 72. Bb7 Be6 73. Be4 h4 74. Nc6 h3 75. Kg1 Bd4+ 76. Kh2 Bf2 77. Nd8 Bg3+ 78. Kh1 Bc8 79. Nf7 Be6 80. Ng5 Bd7 81. Bd3 Bxb5 82.
Bxb5 Kxb5 83. Nxh3 Kc4 84. Ng5 b5 85. Ne4 b4 86.
Kg2 b3 87. Kf1 Kd3 88. Nc5+ Kc2 89. Na4 b2 90. Nxb2 Kxb2 91. Ke2 Kc3 92. Kf1 Kd3 93. Kg1 Ke2 94. Kg2 Ke3 95. Kh3 Be1 96. Kg2 Bb4 97.
Kg1 Kxf3 98. Kh2 Kf2 99. Kh1 f3 100. Kh2 Ke2 101. Kg3 f2 0-1

[Event "*** Titled Tuesday Blitz"]
[Site "Chess.com"]
[Date "2020.05.26"]
[Round "8"]
[White "Kostya_Nikologorskiy"]
[Black "ama18"]
[Result "0-1"]
[WhiteElo "2694"]
[BlackElo "2534"]
[TimeControl "180+1"]
[EndTime "11:44:05 PDT"]
[Termination "ama18 won by checkmate"]

1. d4 Nf6 2. Bf4 e6 3. Nf3 b6 4. e3 Bb7 5. Bd3 c5 6. O-O cxd4 7. exd4 d6 8. Nbd2 Be7 9. Re1 O-O 10. c3 Qc7 11.
Qc2 Nbd7 12. Re2 Rfe8 13. Ng5 g6 14. Rae1 Bf8 15. h4 a6 16. Nxe6 Rxe6 17. Rxe6 fxe6 18.
Bxg6 hxg6 19. Qxg6+ Bg7 20. h5 Nf8 21. Qg5 N8h7 22.
Qh4 Qf7 23. h6 Bf8 24. Nc4 Qg6 25. Qh3 Re8 26. f3 b5 27. Nxd6 Bxd6 28. Bxd6 Ng5 29.
Qg3 Kh7 30. Kf2 Nf7 31. Qf4 Nd5 32. Qh2 Qxh6 33. Qxh6+ Nxh6 34. g4 Kg6 35. Be5 Nf7 36. Bg3 Bc6 37. Ke2 Rh8 38. Rf1 Rh3 39. Rg1 Nf6 40. Kf2 Nd5 41. Kg2 Rh7 42. Re1 Bd7 43. Kf2 Ng5 44. f4 Rf7 45. Kg2 Nxf4+ 46. Kh2 Nd5 47.
Kg2 Nf4+ 48. Bxf4 Rxf4 49. Re5 Rxg4+ 50. Kf2 Rf4+ 51. Ke2 Rf5 52. Re3 Nf7 53. Rg3+ Kf6 54. Rg8 Bc6 55. Rc8 Bd5 56. Rc7 Bc4+ 57. Ke3 Nd6 58. Rc6 Ke7 59. Rxa6 Rd5 60. Ra7+ Kf6 61. b3 Bf1 62. Ra8 Nf5+ 63. Kd2 Bg2 64. Rf8+ Ke7 65.
Rg8 Be4 66. Ke2 Bb1 67. a3 Bc2 68. b4 Bb3 69. Rb8 Bc4+ 70. Kf3 Kf6 71. Rb7 Kg5 72. Rb8 e5 73. Rg8+ Kf6 74. Rf8+ Kg6 75. dxe5 Rxe5 76. Kf4 Rd5 77. Rc8 Nd6 78. Rc6 Kf7 79. a4 bxa4 80. Rc7+ Ke6 81. Ra7 Rd3 82. Rxa4 Rxc3 83. Ra5 Bb5 84.
Ra7 Rc4+ 85. Ke3 Rxb4 86. Ra8 Kd5 87. Rd8 Rb3+ 88. Kf4 Rb4+ 89. Kg5 Kc5 90. Kf6 Kd5 91. Rb8 Rf4+ 92. Kg5 Ke5 93. Rb6 Ne4+ 94. Kh6 Be8 95.
Kg7 Nd6 96. Ra6 Rf7+ 97. Kh6 Rf6+ 98. Kh7 Bg6+ 99. Kg8 Bf5 100. Ra5+ Kf4 101. Ra7 Be6+ 102. Kg7 Kg5 103. Ra5+ Nf5+ 104. Kh8 Rh6# 0-1

[Event "*** Titled Tuesday Blitz"]
[Site "Chess.com"]
[Date "2020.05.26"]
[Round "8"]
[White "dopolian"]
[Black "MFguimaraes"]
[Result "1-0"]
[WhiteElo "2352"]
[BlackElo "2489"]
[TimeControl "180+1"]
[EndTime "11:44:30 PDT"]
[Termination "dopolian won on time"]

1. e4 e5 2. Nf3 Nc6 3. Bb5 Nf6 4. d3 Bc5 5. O-O Nd4 6. Nxd4 Bxd4 7. c3 Bb6 8. Nd2 O-O 9. Nc4 d6 10. Nxb6 axb6 11.
Bc4 Be6 12. Bb3 Bxb3 13. Qxb3 Nd7 14. Be3 Kh8 15. d4 f5 16. exf5 Rxf5 17. dxe5 Nxe5 18. Bd4 Qh4 19. Bxe5 Rxe5 20. Rae1 Rae8 21. Rxe5 Rxe5 22.
Qf7 Qe7 23. Qf3 c6 24. b4 Re2 25. a4 h6 26. g3 Ra2 27. b5 d5 28. bxc6 bxc6 29.
Rb1 Qc5 30. Qf5 Re2 31. Qc8+ Kh7 32. Qf5+ Kg8 33. Qc8+ Kf7 34. Qc7+ Kg6 35. Qxb6 Qc4 36. Qb4 Rc2 37. Qxc4 dxc4 38. Rb6 Rxc3 39. Rxc6+ Kh7 40.
a5 Ra3 41. a6 c3 42. a7 Rxa7 43. Rxc3 g5 44. Kg2 g4 45. Rc6 h5 46. h3 Ra4 47. h4 Kg7 48. Rc5 Kg6 49. Rg5+ Kh6 50. Rf5 Rd4 51. Kf1 Rd2 52. Ke1 Ra2 53. Kf1 Kg6 54. Re5 Kh6 55. Ke1 Rb2 56. Re2 Rb1+ 57. Kd2 Rb5 58. Ke3 Kg6 59. Kf4 Rf5+ 60. Ke4 Rf8 61. Kd3 Rd8+ 62. Ke3 Re8+ 63. Kd3 Rd8+ 64.
Kc3 Rd6 65. Kc4 Rd1 66. Kc5 Rd3 67. Kc4 Rd6 68. Kc5 Rd1 69. Re6+ Kg7 70. Re5 Kg6 71. Rg5+ Kh6 72. Kc4 Rd7 73. Rd5 Rf7 74. Rd2 Rf3 75.
Kd4 Kg6 76. Ke4 Rf8 77. Rd6+ Kg7 78. Rd2 Kg6 79. Rd6+ Kg7 80. Rd5 Kg6 81. Rg5+ Kh6 82. Rf5 Re8+ 83. Kf4 Re2 84. Rf6+ Kg7 85. Kg5 Re5+ 86.
Rf5 Re2 87. Kxh5 Rb2 88. Kxg4 Ra2 89. Rf4 Kg6 90. h5+ Kh6 91. Rf6+ Kh7 92. Rf4 Ra5 93.
f3 Kh6 94. Rf5 Ra2 95. f4 Rh2 96. Re5 Rh1 97. Re6+ Kg7 98. Kg5 Rg1 99. g4 Ra1 100.
f5 Kh8 101. Rb6 Ra8 102. h6 Rg8+ 103. Kh5 Kh7 104. Rb7+ Kh8 105. g5 Rf8 106. f6 Rg8 107. Rg7 Ra8 108. h7 Ra1 109. Rg8+ Kxh7 110. Rg7+ Kh8 111. Rb7 Ra8 112. Kg6 Rg8+ 113. Kf5 Ra8 114. g6 Ra5+ 115. Ke6 Ra6+ 116. Kf7 Ra8 117. Re7 Rf8+ 118. Ke6 1-0

[Event "*** Titled Tuesday Blitz"]
[Site "Chess.com"]
[Date "2020.05.26"]
[Round "9"]
[White "2008king"]
[Black "Denis_Palkovich"]
[Result "0-1"]
[WhiteElo "2120"]
[BlackElo "2311"]
[TimeControl "180+1"]
[EndTime "11:47:40 PDT"]
[Termination "Denis_Palkovich won by checkmate"]

1. e4 d5 2. exd5 Nf6 3. Nc3 Nxd5 4. Nxd5 Qxd5 5. d4 Nc6 6. c3 e5 7. Nf3 Bg4 8. Be2 exd4 9. cxd4 Bb4+ 10. Bd2 Bxd2+ 11.
Qxd2 O-O 12. O-O-O Qxa2 13. Qf4 Qa1+ 14. Kc2 Nb4+ 15.
Kb3 Be6+ 16. Kxb4 Qxb2+ 17. Kc5 Qb6# 0-1

[Event "*** Titled Tuesday Blitz"]
[Site "Chess.com"]
[Date "2020.05.26"]
[Round "9"]
[White "JuliaEfremova"]
[Black "AcsinteMatei"]
[Result "1-0"]
[WhiteElo "2235"]
[BlackElo "2329"]
[TimeControl "180+1"]
[EndTime "11:47:45 PDT"]
[Termination "JuliaEfremova won by resignation"]

1. d4 Nf6 2. Bf4 e6 3. Nf3 b6 4.
e3 Bb7 5. Bd3 d5 6. O-O Ne4 7.
Nbd2 Nd7 8. c4 Be7 9. Rc1 O-O 10.
cxd5 exd5 11. Bxc7 Qe8 12. Ne5 Rc8 13. Nxd7 Qxd7 14. Be5 f6 15. Bf4 Rxc1 16. Qxc1 Rc8 17. Qd1 Bb4 18. Nf3 Qc6 19. Qb3 Be7 20. Bxe4 1-0

[Event "*** Titled Tuesday Blitz"]
[Site "Chess.com"]
[Date "2020.05.26"]
[Round "9"]
[White "Vaathi_Coming"]
[Black "francyIM"]
[Result "1-0"]
[WhiteElo "2859"]
[BlackElo "2704"]
[TimeControl "180+1"]
[EndTime "11:47:48 PDT"]
[Termination "Vaathi_Coming won by resignation"]

1. Nf3 Nf6 2. g3 g6 3. Bg2 Bg7 4. O-O O-O 5. d4 d5 6. c4 c6 7. Na3 Bg4 8. Bf4 Nbd7 9. Qb3 Qb6 10. Rfd1 Be6 11. Rac1 Ne4 12. Ng5 Nxg5 13. Bxg5 dxc4 14. Nxc4 Qa6 15. d5 cxd5 16. Bxd5 Nc5 17. Qe3 Rac8 18. Bxe7 Rfe8 19. Nd6 Bxd5 20. Rxd5 Ne6 1-0

[Event "*** Titled Tuesday Blitz"]
[Site "Chess.com"]
[Date "2020.05.26"]
[Round "9"]
[White "harkerchess"]
[Black "chenxiaoyuer"]
[Result "0-1"]
[WhiteElo "2063"]
[BlackElo "2304"]
[TimeControl "180+1"]
[EndTime "11:47:53 PDT"]
[Termination "chenxiaoyuer won by checkmate"]

1. d4 Nf6 2. Bg5 d5 3. Bxf6 exf6 4. e3 Bd6 5. c4 dxc4 6. Bxc4 O-O 7. Nc3 f5 8. Nge2 Nd7 9. O-O c6 10. Qc2 Nf6 11.
Bd3 g6 12. Rab1 Qe7 13. b4 Bxb4 14. Rb3 Be6 15. Rb2 Ba3 16. Rbb1 Nd5 17. Na4 Nb4 18. Qc5 Nxd3 19. Qxe7 Bxe7 20. Rxb7 Bd6 21. Rfb1 Rfb8 22. g3 Rxb7 23. Rxb7 Rb8 24. Rxa7 Rb1+ 25. Kg2 Ne1+ 26.
Kh3 f4+ 27. g4 fxe3 28. fxe3 h5 29. Nac3 Bxg4+ 30. Kh4 Nf3# 0-1

[Event "*** Titled Tuesday Blitz"]
[Site "Chess.com"]
[Date "2020.05.26"]
[Round "9"]
[White "Malysch"]
[Black "Matveev_Vladimir"]
[Result "1-0"]
[WhiteElo "2483"]
[BlackElo "2556"]
[TimeControl "180+1"]
[EndTime "11:48:01 PDT"]
[Termination "Malysch won by resignation"]

1. d4 Nf6 2. c4 g6 3. g3 Bg7 4.
Bg2 O-O 5. Nf3 d6 6. O-O Nc6 7. Nc3 Bf5 8. d5 Na5 9. Nd4 Bd7 10. b3 c5 11. dxc6 bxc6 12. Bb2 Rb8 13. Rb1 Qc7 14. Qd2 Nb7 15. Rfd1 a5 16. Rbc1 Nc5 17. Ba3 Na6 18.
h3 Rfd8 19. Kh2 Be8 20. f4 Nd7 21. Nxc6 Rdc8 22. Nxe7+ 1-0

[Event "*** Titled Tuesday Blitz"]
[Site "Chess.com"]
[Date "2020.05.26"]
[Round "9"]
[White "CzechmVIII"]
[Black "WiktoriaPOL"]
[Result "1-0"]
[WhiteElo "2155"]
[BlackElo "1998"]
[TimeControl "180+1"]
[EndTime "11:48:02 PDT"]
[Termination "CzechmVIII won by resignation"]

1. e4 c5 2. Nf3 d6 3. Nc3 Nf6 4.
d4 cxd4 5. Nxd4 a6 6. Bg5 Nbd7 7.
Bc4 e6 8. Qe2 Nc5 9. O-O b5 10.
Bb3 Bb7 11. Rad1 Be7 12. e5 Nd5 13. Nxd5 exd5 14. exd6 Qxd6 15. Nf5 Qe6 16. Nxg7+ 1-0

[Event "*** Titled Tuesday Blitz"]
[Site "Chess.com"]
[Date "2020.05.26"]
[Round "9"]
[White "MYMChessAcademy"]
[Black "dennisodessa"]
[Result "1-0"]
[WhiteElo "2458"]
[BlackElo "2258"]
[TimeControl "180+1"]
[EndTime "11:48:03 PDT"]
[Termination "MYMChessAcademy won by resignation"]

1. e4 e6 2. d4 d5 3. Nc3 Nc6 4.
e5 f6 5. Nf3 fxe5 6. dxe5 Nh6 7. Bf4 Nf7 8. Bd3 Be7 9. Qe2 Nb4 10. O-O-O a6 11. h4 c5 12. Ng5 Nxg5 13. hxg5 Bxg5 14.
Qh5+ g6 15. Qxg5 Qxg5 16. Bxg5 c4 17. Bxg6+ Kd7 18. Bf6 1-0

[Event "*** Titled Tuesday Blitz"]
[Site "Chess.com"]
[Date "2020.05.26"]
[Round "9"]
[White "Vesper2018"]
[Black "thedjoker98"]
[Result "1-0"]
[WhiteElo "2330"]
[BlackElo "2459"]
[TimeControl "180+1"]
[EndTime "11:48:06 PDT"]
[Termination "Vesper2018 won by resignation"]

1. e4 e5 2. Nf3 Nc6 3. Bc4 Bc5 4. d3 Nf6 5. Bg5 h6 6. Bh4 g5 7. Bg3 d6 8. c3 Be6 9. Nbd2 Qd7 10. b4 Bb6 11. a4 a5 12. b5 Ne7 13. Qe2 Ng6 14. h3 Nf4 15. Bxf4 gxf4 16. d4 Bxc4 17. Nxc4 exd4 18.
Nxb6 cxb6 19. Nxd4 Rc8 20. O-O O-O 21. Nf5 Kh7 22. Qf3 Qe6 23. Qxf4 Nxe4 24. Rae1 d5 25. f3 Qd6 26. Nxd6 1-0

[Event "*** Titled Tuesday Blitz"]
[Site "Chess.com"]
[Date "2020.05.26"]
[Round "9"]
[White "MaxLeto"]
[Black "jd001"]
[Result "1-0"]
[WhiteElo "2306"]
[BlackElo "2159"]
[TimeControl "180+1"]
[EndTime "11:48:15 PDT"]
[Termination "MaxLeto won by resignation"]

1. g4 d5 2. Bg2 e5 3. d4 Nc6 4. dxe5 Be6 5. f4 Qh4+ 6. Kf1 Qxg4 7. Nc3 O-O-O 8. Qd3 Bf5 9. Bh3 Bxd3 10. Bxg4+ Kb8 11.
exd3 Nd4 12. Bd1 Nh6 13. Nf3 f6 14. Nxd4 fxe5 15. fxe5 Bc5 16. Ne6 Rdf8+ 17. Nxf8 Rxf8+ 18. Ke1 Bf2+ 19. Ke2 Ng4 20. Rf1 c6 21. h3 1-0

[Event "*** Titled Tuesday Blitz"]
[Site "Chess.com"]
[Date "2020.05.26"]
[Round "9"]
[White "ThePatrick27"]
[Black "ChristianAlm"]
[Result "0-1"]
[WhiteElo "2543"]
[BlackElo "2407"]
[TimeControl "180+1"]
[EndTime "11:48:18 PDT"]
[Termination "ChristianAlm won by checkmate"]

1. d4 Nf6 2. c4 e6 3. Nf3 d5 4. g3 Be7 5. Bg2 O-O 6. O-O c5 7.
dxc5 Bxc5 8. Qc2 d4 9. Ne1 Nc6 10. a3 a5 11. Nd3 Be7 12. b3 e5 13. Bxc6 bxc6 14. Nxe5 Bh3 15. Rd1 c5 16. Nd2 Qc7 17. Ndf3 Bd6 18. Bf4 Rfe8 19. Rd2 Qb7 20. Nd3 Bf8 21.
Ng5 Qg2# 0-1

[Event "*** Titled Tuesday Blitz"]
[Site "Chess.com"]
[Date "2020.05.26"]
[Round "9"]
[White "Gromes7"]
[Black "Aguiar94"]
[Result "0-1"]
[WhiteElo "2007"]
[BlackElo "2435"]
[TimeControl "180+1"]
[EndTime "11:48:23 PDT"]
[Termination "Aguiar94 won by resignation"]

1. d4 Nf6 2. g3 d5 3. Bg2 c5 4.
Nf3 Nc6 5. O-O e6 6. c4 dxc4 7. Qa4 cxd4 8. Nxd4 Qxd4 9. Bxc6+ bxc6 10. Qxc6+ Qd7 11. Qxa8 Bc5 12. Nc3 O-O 13. Rd1 Qc7 14.
Qg2 Bb7 15. e4 Nxe4 16. Nxe4 f5 17. Bf4 Qb6 18. Nxc5 Bxg2 19. Nd7 Qb7 20. Nxf8 Bh3 0-1